Unix NetHack Version 3.7.0-90 Work-in-progress - last build Dec 4 2023 15:25:40 (a4ad6ea61a8c493010e15c9251bbb19a34919cb7,branch:master). Game began 2023-12-09 13:42:42, ended 2024-04-20 16:13:33. joes, chaotic male orcish Wizard -- ---------- ..+# ------------ |.........| . #####|..........| ##..........| #....{......| # |.........| |..........| ### |.........| # ###-..........| # |..)......| # # |..........-## -----|---- # # ------------ ## ############# # # #### [ # #####%#)# ---------.------ # ##### #####[[)######...E...........| # . |..%......`...`| # |...........`..| #### ---------------- -|--------- |.......<.| #+.........| |.........| ----------- Joes the Magician St:18 Dx:18 Co:18 In:16 Wi:14 Ch:10 Chaotic S:62350 Dlvl:24 $:0 HP:0(74) Pw:36(116) AC:3 Xp:11 T:26183 Satiated Latest messages: You start playing your tooled horn. You produce a frightful, grave sound. The large dog turns to flee. The air elemental engulfs you! Your magic lamp goes out! You are pummeled with debris! Double run prefix, canceled. You hit the air elemental. You are pummeled with debris! You are pummeled with debris! You hit the air elemental. You are pummeled with debris! You hit the air elemental. You are pummeled with debris! You are pummeled with debris! You hit the air elemental. You are pummeled with debris! You are pummeled with debris! You are pummeled with debris! What do you want to zap? In what direction? You are pummeled with debris! In what direction? You are pummeled with debris! You are pummeled with debris! What do you want to drink? You feel much better. You are pummeled with debris! You get expelled! The air elemental hits! The air elemental engulfs you! You are pummeled with debris! What do you want to zap? In what direction? The bolt of lightning rips into the air elemental! You are pummeled with debris! You are pummeled with debris! What do you want to zap? In what direction? You are pummeled with debris! What do you want to use or apply? Improvise? [ynq] (q) You start playing your tooled horn. You produce a frightful, grave sound. You are pummeled with debris! You are pummeled with debris! You die... Do you want your possessions identified? [ynq] (y) Do you want to see your attributes? [ynq] (n) Do you want to see your conduct and achievements? [ynq] (n) Inventory: Amulets ('"') z - an uncursed amulet of magical breathing (being worn) Weapons (')') j - 10 cursed -1 silver arrows I - 3 uncursed rustproof +0 daggers named +0 (at the ready) X - an uncursed +1 elven dagger w - the blessed rustproof +0 Magicbane (weapon in right hand) R - an uncursed +0 orcish dagger Armor ('[') i - an uncursed +0 elven leather helm (being worn) N - a cursed -2 pair of gauntlets of fumbling Z - an uncursed +0 pair of leather gloves (being worn) G - an uncursed +0 pair of speed boots (being worn) m - a blessed +1 elven shield W - an uncursed +0 small shield (being worn) b - an uncursed burnt rotted +0 cloak of magic resistance (being worn) a - an uncursed +0 studded leather armor (being worn) Comestibles ('%') d - an uncursed lump of royal jelly Scrolls ('?') c - an uncursed scroll of earth q - an uncursed scroll of scare monster o - an uncursed scroll of stinking cloud V - an uncursed scroll of teleportation Rings ('=') e - an uncursed ring of regeneration (on right hand) v - an uncursed ring of see invisible Wands ('/') C - an uncursed wand of cancellation (0:4) F - an uncursed wand of digging (0:4) D - a cursed wand of lightning (0:2) n - an uncursed wand of sleep (0:5) P - an uncursed wand of striking (0:2) Y - an uncursed wand of undead turning (0:5) Tools ('(') U - an uncursed tooled horn u - an uncursed leash l - an uncursed magic lamp t - an uncursed magic whistle Q - an uncursed mirror k - an uncursed skeleton key A - an uncursed towel h - an uncursed +0 unicorn horn Gems/Stones ('*') H - an uncursed worthless piece of green glass E - an uncursed luckstone named mines Joes the Wizard's attributes: Background: You were a Magician, a level 11 male orcish Wizard. You were chaotic, on a mission for Anhur who was opposed by Ptah (lawful) and Thoth (neutral). You were right-handed. You were in the Dungeons of Doom, on level 24. You entered the dungeon 26183 turns ago. You had 13046 experience points, 6954 more were needed to attain level 12. Your score was 62350 before end-of-game adjustments. Basics: You had 0 out of 74 hit points. You had 36 out of 116 energy points (spell power). Your armor class was 3. Your wallet was empty. Autopickup was off. Final Characteristics: Your strength was 18 (limit:18/50). Your dexterity was 18 (limit:18). Your constitution was 18 (limit:18). Your intelligence was 16 (limit:16). Your wisdom was 14 (limit:16). Your charisma was 10 (limit:16). Final Status: You were engulfed by the air elemental. You were satiated. You were unencumbered. You were wielding a dagger. You had expert skill with dagger. Final Attributes: You were piously aligned. You were magic-protected. You were fire resistant. You were cold resistant. You were sleep resistant. You were shock resistant. You were poison resistant. You were telepathic. You had infravision. You could survive without air. You regenerated. You were warded. You were very fast. You were extremely lucky. You had extra luck. Bad luck did not time out for you. Good luck did not time out for you. You are dead. Miscellaneous: You encountered 2 bones levels. Total elapsed playing time was 14 hours, 23 minutes and 3 seconds. Major events: Turn 1: joes the chaotic male orcish Wizard entered the dungeon 589: entered the Gnomish Mines 1323: attained the rank of Conjurer (level 3) 2939: attained the rank of Thaumaturge (level 6) 7402: entered Sokoban 7783: completed 1st Sokoban level 10193: reached Mine Town 10512: destroyed Shunya's ghost, the former Excursionist 12215: completed 2nd Sokoban level 12652: completed 3rd Sokoban level 13814: entered the Bigroom 14682: completed 4th Sokoban level 16991: acquired the Mines' End luckstone 18727: was bestowed with Magicbane by Anhur 19159: acquired the Sokoban bag of holding 20385: AlliWar Wickson, the hardware store proprietor, has been killed 21244: attained the rank of Magician (level 10) 22923: read a Discworld novel 26183: killed by an air elemental Vanquished creatures: an orange dragon 2 green dragons a guardian naga a shopkeeper a queen bee an ice troll 2 rock trolls 2 vampires a watch captain 2 ghosts a winged gargoyle 3 giant mimics an ogre tyrant an elf-noble 2 elven monarchs a shocking sphere a water elemental 2 giant mummies 2 cobras a sergeant a winter wolf 2 freezing spheres a flaming sphere 5 large mimics 4 warhorses an energy vortex a xan 3 mountain centaurs 4 stalkers 2 quantum mechanics a pit viper 2 trolls a giant zombie a gelatinous cube 2 cockatrices a pyrolisk 3 wargs 4 tigers a gargoyle an ochre jelly 16 small mimics 3 leocrottas 2 forest centaurs 5 ettin mummies 2 rust monsters 3 pythons 2 wood golems 3 Grey-elves 3 watchmen a chickatrice a winter wolf cub a lynx 2 large cats 2 quasits 5 tengu an orc-captain 2 mumakil 3 giant spiders a horse 2 ice vortices a black light 4 vampire bats an elf mummy an ogre 4 owlbears 3 yetis 3 ettin zombies a leather golem a Green-elf 11 soldier ants 4 fire ants a giant beetle 3 quivering blobs 6 wolves 2 jaguars 2 dwarf leaders 2 iron piercers 5 white unicorns 3 gray unicorns a black unicorn a dust vortex 3 ravens 4 plains centaurs 6 gnome rulers an orc mummy 2 dwarf mummies 4 brown puddings 5 snakes 6 apes a rope golem 3 gold golems a werewolf a Woodland-elf 6 lizards 42 killer bees 2 dingoes 3 dogs a housecat 11 bugbears 5 blue jellies 4 wood nymphs a water nymph a mountain nymph 3 Mordor orcs 8 Uruk-hai 3 orc shamans 9 yellow lights 5 violet fungi a gnomish wizard 2 gnome mummies 5 human zombies 7 ghouls 9 giant ants 20 dwarves an imp 2 kobold shamans 8 leprechauns 4 hill orcs 6 rock piercers 23 rothes 3 rock moles 2 centipedes 3 ponies 6 fog clouds 15 gnome leaders 7 kobold mummies 3 gray oozes 4 monkeys 2 elf zombies 2 little dogs 7 floating eyes 5 kittens 13 manes 2 homunculi 6 kobold leaders 16 hobgoblins 8 cave spiders a giant bat 50 gnomes 10 garter snakes an orc zombie 2 dwarf zombies a wererat 18 iguanas 14 acid blobs 4 coyotes a gas spore 4 hobbits 2 large kobolds 9 giant rats 3 bats 3 brown molds 8 yellow molds a green mold 2 red molds 4 shriekers 6 gnome zombies 16 geckos 8 jackals 2 foxes 2 kobolds 4 goblins 2 sewer rats 13 grid bugs 12 lichens 6 kobold zombies 7 newts 739 creatures vanquished. No species were genocided or became extinct. Voluntary challenges: You read items or engraved 184 times. You engraved Elbereth 97 times. You never genocided any monsters. You never polymorphed an object. You never changed form. You used no wishes. You did not violate any of the special Sokoban rules. Achievements: You entered a shop. You entered the Gnomish Mines. You attained the rank of Conjurer. You attained the rank of Thaumaturge. You entered Sokoban. You entered Minetown. You entered a temple. You entered the Big Room. You completed the Gnomish Mines. You completed Sokoban. You attained the rank of Magician. You read from a Discworld novel. The Dungeons of Doom: levels 1 to 24 Level 1: A fountain. Level 2: "books 566" A general store, a fountain. Stairs down to The Gnomish Mines. Level 3: "stash" An altar to Anhur. Level 4: "vault" A fountain. Level 5: "lep, books, stash ?" Level 6: A fountain. Level 7: "books, markers" Level 8: "nymph, polytrap" Many fountains. Oracle of Delphi. Level 9: "throne. jump, horns, things" A throne, some fountains. Stairs up to Sokoban, level 8. Level 10: "uni!" A sink, a grave. Level 11: "leo, cock, soldier ants" A very big room. Level 12: Level 13: "lockbook, junk" A scroll shop, a fountain. Level 14: Level 15: A fountain. Summoned by Neferet the Green. Portal to The Quest. Level 16: A scroll shop, a fountain. Level 17: A primitive area. Level 18: Level 19: "cock hall" Level 20: Level 21: "bees" Level 22: "uni" An altar, a fountain. Level 23: A fountain. Level 24: <- You were here. A fountain. Final resting place for you, killed by an air elemental. The Gnomish Mines: levels 3 to 11 Level 3: "junk" Level 4: "lit" Level 5: "no stuff" Level 6: "stuffs" Many shops, a temple and an altar, some fountains, a grave. Final resting place for Shunya-Tou-Hum-Fem-Neu, killed by a soldier ant. Level 7: "lep, spider" Level 8: "dark" Level 9: "CPM, picks" Final resting place for GrmlyFndsh-Mon-Hum-Fem-Law, killed by falling down a mine shaft. Level 10: "polytrap, wraps" Level 11: Some fountains. The Quest: Level 1: Home. Sokoban: levels 8 up to 5 Level 5: "jaguar" Solved. Level 6: Solved. Level 7: "no uni" Solved. Level 8: Solved. Game over: ---------- / \ / REST \ / IN \ / PEACE \ / \ | joes | | 0 Au | | killed by an air | | elemental | | | | | | 2024 | *| * * * | * _________)/\\_//(\/(/\)/\//\/|_)_______ Goodbye joes the Wizard... You died in The Dungeons of Doom on dungeon level 24 with 62350 points, and 0 pieces of gold, after 26183 moves. You were level 11 with a maximum of 74 hit points when you died.